[Event "*** Titled Tuesday 3|2 Blitz"]
[Site "Chess.com"]
[Date "2017.03.07"]
[Round "3"]
[White "olgerts_indricans"]
[Black "HaryKane"]
[Result "0-1"]
[WhiteElo "2187"]
[BlackElo "2284"]
[TimeControl "180+2"]
[EndTime "13:41:28 PST"]
[Termination "HaryKane won by resignation"]

1. e4 e5 2. Nf3 Nc6 3. Bc4 Bc5 4.
c3 Nf6 5. O-O d6 6. d4 Bb6 7.
dxe5 Nxe5 8. Nxe5 dxe5 9. Qxd8+ Kxd8 10. Re1 Ke7 11. Nd2 Be6 12. Bxe6 Kxe6 13. Nc4 Rhd8 14. Bg5 Rd7 15. Bxf6 Kxf6 16. Rad1 Rad8 17. Rxd7 Rxd7 18. Kf1 Bc5 19. Ke2 b5 20. Ne3 g6 21. Nd5+ Ke6 22. f3 c6 23. Ne3 f5 24. exf5+ gxf5 25. g4 fxg4 26. fxg4 h5 27. h3 Rh7 28. Kf3 hxg4+ 29. Kxg4 Rg7+ 30. Kf3 Rf7+ 31. Ke2 e4 32. Ng4 Rf3 33. Rh1 Rg3 34. Rh2 Kf5 35. Nf2 Kf4 36.
h4 Re3+ 37. Kd2 Kg3 38. Nxe4+ Rxe4 39. Rh1 Kg2 40. Rd1 Rxh4 41. Kc2 Rh6 42. b4 Bb6 43.
Re1 Kf3 44. Re8 Kf4 45. Kb3 Rh1 46. a4 Rb1+ 47. Kc2 Rh1 48. a5 Be3 49. Re6 Rh2+ 50. Kb3 c5 51. bxc5 Bxc5 52. a6 Kf5 53. Rc6 Bb6 54.
Kb4 Rb2+ 55. Ka3 Rb1 56. Ka2 Rd1 57. Kb3 Ke5 58. Kb4 Kd5 59. Rh6 Rb1+ 60. Ka3 Kc4 61. Ka2 Rd1 62. Rh5 Rd5 63. Rxd5 Kxd5 64. Kb3 Kc5 65. Kc2 Kc4 66. Kb2 Ba5 0-1

[Event "*** Titled Tuesday 3|2 Blitz"]
[Site "Chess.com"]
[Date "2017.03.07"]
[Round "3"]
[White "Robin-Side"]
[Black "Elshan1985"]
[Result "1/2-1/2"]
[WhiteElo "2454"]
[BlackElo "2490"]
[TimeControl "180+2"]
[EndTime "13:41:47 PST"]
[Termination "Game drawn by repetition"]

1. d4 Nf6 2. Nc3 e6 3. e4 d5 4. Bg5 dxe4 5. Bxf6 gxf6 6. Nxe4 f5 7. Ng3 Bg7 8. Nf3 c5 9. c3 cxd4 10. Nxd4 Bxd4 11. Qxd4 Qxd4 12. cxd4 Nc6 13. O-O-O Nb4 14.
Bc4 Bd7 15. a3 Rc8 16. axb4 Rxc4+ 17. Kb1 Rxb4 18. d5 Ke7 19. Rhe1 Kf6 20. dxe6 Bxe6 21.
Ne2 Rc8 22. Rd2 Rc5 23. Rc1 Rxc1+ 24. Kxc1 Ke5 25. g3 Ke4 26. h4 a5 27. Nf4 Kf3 28.
Kc2 a4 29. Nd3 Bb3+ 30. Kb1 Rb5 31. Ne1+ Ke4 32. Re2+ Kd4 33. Rd2+ Ke5 34. Re2+ Kf6 35. Kc1 Rc5+ 36. Kd2 b5 37. Re8 Rd5+ 38. Kc3 Rd1 39.
Re3 Bc4 40. Re8 f4 41. gxf4 Kf5 42. Ng2 Rd3+ 43. Kc2 Rf3 44. Ne3+ Kxf4 45. Nxc4 bxc4 46. Re2 Kg4 47. Re4+ Rf4 48. Rxf4+ Kxf4 49. Kc3 Kf3 50. Kxc4 Kxf2 51. Kb4 f5 52. Kxa4 f4 53. b4 f3 54.
b5 Kg3 55. b6 f2 56. b7 f1=Q 57. b8=Q+ Kxh4 58. Qd8+ Kh5 59. Qd5+ Kg6 60. Qg8+ Kh6 61. Qe6+ Kh5 62. Qe8+ Kg5 63. Qg8+ Kh6 64. Qe6+ Kg7 65.
Qg4+ Kf7 66. Qd7+ Kg6 67. Qg4+ Kf6 68. Qh4+ Kg6 69. Qg4+ Kf7 70. Qh5+ Kg8 71. Qg4+ Kh8 72. Qd4+ Kg8 73. Qg4+ Kf8 74. Qc8+ Kg7 75. Qg4+ Kf7 76.
Qh5+ Kg7 77. Qg5+ Kf8 78. Qh6+ Kg8 79. Qg5+ Kh8 80. Qe5+ Kg8 81. Qg5+ Kf7 82. Qh5+ Kg7 83. Qg5+ Kf8 84. Qh6+ Kg8 85. Qg5+ 1/2-1/2

[Event "*** Titled Tuesday 3|2 Blitz"]
[Site "Chess.com"]
[Date "2017.03.07"]
[Round "3"]
[White "x-3738459472"]
[Black "Zhani-Z"]
[Result "0-1"]
[WhiteElo "2474"]
[BlackElo "2323"]
[TimeControl "180+2"]
[EndTime "13:41:47 PST"]
[Termination "Zhani-Z won by resignation"]

1. e4 e5 2. Nf3 Nc6 3. Bb5 a6 4. Ba4 Nf6 5. d3 b5 6. Bb3 Bc5 7. Nc3 O-O 8. Bg5 h6 9. Be3 d6 10. Qd2 Bxe3 11. fxe3 Be6 12. O-O Ne7 13. Nh4 Bxb3 14.
axb3 d5 15. exd5 Nexd5 16. Nf5 Re8 17. h3 Re6 18. Qf2 Kh7 19. Qg3 g6 20. Nh4 Nxc3 21.
bxc3 Qe7 22. Rf2 Rg8 23. Raf1 Rg7 24. e4 a5 25. Kh2 a4 26. bxa4 bxa4 27. Rf3 a3 28.
Qf2 a2 29. Ra1 Ra6 30. Qe1 Nh5 31. g3 Rg8 32. Qf1 Kg7 33. d4 Rga8 34. dxe5 Nxg3 35. Rxg3 Qxh4 36. Qf2 Qe7 37. Qf4 Ra5 38. e6 Qxe6 39.
Qxc7 Re5 40. Qb7 Raa5 41. Rf3 Rxe4 42. Rxf7+ Qxf7 43. Qxe4 Qf2+ 44. Kh1 Rf5 45. Qg2 Qa7 46. Qd2 Kh7 47. Qg2 Rf2 48. Qe4 Rf7 49. Qg2 Qa5 50.
Rg1 Qf5 51. Ra1 Qe6 52. c4 Qxc4 53. Rg1 Qe6 54. Ra1 Rc7 55. c3 Ra7 56. Qf2 Qc6+ 57. Kh2 Qd6+ 58. Qg3 Qxg3+ 59. Kxg3 Kg7 60. Kf3 Kf6 61.
Ke4 Kg5 62. c4 Kh4 63. Kd5 Kxh3 64. c5 g5 65. c6 g4 66. Kc5 g3 67. Kb6 Rh7 68. Rxa2 g2 69. Ra1 Kh2 70. Ra2 Kh1 71. Ra5 g1=Q+ 0-1

[Event "*** Titled Tuesday 3|2 Blitz"]
[Site "Chess.com"]
[Date "2017.03.07"]
[Round "3"]
[White "workhard91"]
[Black "manubibi"]
[Result "1/2-1/2"]
[WhiteElo "2230"]
[BlackElo "2405"]
[TimeControl "180+2"]
[EndTime "13:41:52 PST"]
[Termination "Game drawn - insufficient material"]

1. e4 c5 2. Nf3 d6 3. Bb5+ Bd7 4.
Bxd7+ Qxd7 5. c4 Nf6 6. Nc3 g6 7. O-O Bg7 8. d4 cxd4 9. Nxd4 Nc6 10. Nde2 O-O 11. h3 a6 12. Be3 b5 13. cxb5 axb5 14.
a3 Ne5 15. Bd4 Qb7 16. Bxe5 dxe5 17. Ng3 Ne8 18. Qb3 Nd6 19. Rfe1 Rfc8 20. Rad1 Rc5 21. Rd5 Rac8 22. Red1 h5 23. Rxc5 Rxc5 24. Rd5 Qc6 25. Rxc5 Qxc5 26. Qd5 Qb6 27. Nf1 e6 28. Qb3 Bh6 29.
Qc2 Qc6 30. Qd3 Nc4 31. Qc2 Kg7 32. Qb3 Nd6 33. Na2 Qxe4 34. Nc3 Qc4 35. Qxc4 bxc4 36.
a4 Bc1 37. Nd1 Nb7 38. Nfe3 Na5 39. Kf1 f5 40. Ke2 Kf6 41. Nc2 e4 42. f3 exf3+ 43.
gxf3 e5 44. Na3 Ke6 45. Nb5 Kd5 46. Nbc3+ Kd4 47. Na2 h4 48. Nxc1 Kc5 49. Na2 g5 50.
Ndc3 Kd4 51. Nd1 Kc5 52. Nc1 Kb4 53. Nc3 Nc6 54. Kd1 Nd4 55. N1a2+ Ka5 56. Nd5 Nxf3 57.
Ne3 f4 58. Nxc4+ Kxa4 59. Nc1 g4 60. Ke2 Ng1+ 61. Kf1 Nxh3 62. Nxe5 g3 63. Nf3 Nf2 64. Nxh4 Nd1 65. b3+ Kb4 66. Nf3 Ne3+ 67. Ke2 Nc2 68. Kd3 Na1 69. Ke4 Nxb3 70. Nd3+ Kc3 71. Nxf4 Nd2+ 72. Nxd2 Kxd2 73. Kf3 g2 74. Nxg2 1/2-1/2

[Event "*** Titled Tuesday 3|2 Blitz"]
[Site "Chess.com"]
[Date "2017.03.07"]
[Round "3"]
[White "maciek_92"]
[Black "Alexander_Moskalenko"]
[Result "0-1"]
[WhiteElo "2536"]
[BlackElo "2715"]
[TimeControl "180+2"]
[EndTime "13:42:01 PST"]
[Termination "Alexander_Moskalenko won on time"]

1. c4 e6 2. Nf3 Nf6 3. d4 d5 4. Nc3 Bb4 5. Qa4+ Nc6 6. Bg5 h6 7.
Bh4 g5 8. Bg3 Ne4 9. Rc1 h5 10.
Ne5 Bd7 11. Nxc6 Bxc3+ 12. bxc3 Bxc6 13. Qc2 h4 14. Be5 f6 15. f3 fxe5 16. fxe4 dxe4 17.
e3 Qf6 18. Be2 O-O-O 19. Rf1 Qe7 20. Bg4 Kb8 21. Kf2 Rhf8+ 22. Kg1 b6 23. Rxf8 Rxf8 24. Rf1 Rxf1+ 25. Kxf1 exd4 26. cxd4 Qd6 27. Kg1 a5 28. c5 Qd5 29. Qb2 Kb7 30. Be2 Ka7 31. Qc2 Qd7 32.
Bc4 Bd5 33. Be2 Qc6 34. a3 Kb7 35. g3 hxg3 36. hxg3 Kc8 37. Qc3 Kd7 38. Kg2 Ke7 39. Qc1 Kd7 40. Qc3 Qa4 41. Qb2 Kc6 42. Qc1 Kb7 43.
Qb2 Qb3 44. Qc1 b5 45. Kf2 Bc4 46. Bh5 Qd3 47. Bg4 b4 48. axb4 axb4 49. Qa1 Qd2+ 50. Kg1 Qxe3+ 51. Kh2 Qf2+ 52. Kh1 Qxg3 53. c6+ Kb6 54. Bh5 Qh3+ 55. Kg1 Qe3+ 56. Kg2 Qd2+ 57. Kg1 b3 58. Qa8 Qxd4+ 59. Kg2 Qd2+ 60. Kg1 Kc5 0-1

[Event "*** Titled Tuesday 3|2 Blitz"]
[Site "Chess.com"]
[Date "2017.03.07"]
[Round "3"]
[White "pedromartinez91"]
[Black "popov_m"]
[Result "0-1"]
[WhiteElo "2354"]
[BlackElo "2400"]
[TimeControl "180+2"]
[EndTime "13:42:07 PST"]
[Termination "popov_m won on time"]

1. e4 e6 2. d4 d5 3. Nd2 Nc6 4. Ngf3 Nf6 5. e5 Nd7 6. c3 f6 7. exf6 Qxf6 8. Bb5 Bd6 9. Nf1 O-O 10. Ne3 Qg6 11. Bd3 Qh5 12. Bd2 Nf6 13. Be2 Qe8 14.
O-O Ne4 15. Ng4 Bd7 16. h3 e5 17. Nfxe5 Nxe5 18. Nxe5 Bxe5 19. dxe5 Qxe5 20. Be3 c6 21. Bg4 Bxg4 22. Qxg4 Qf5 23. Qxf5 Rxf5 24. Rfe1 a6 25. f3 Nf6 26. Bd4 Kf7 27. Kf2 Ne4+ 28. Ke3 Ng3 29. Kf2 Ne4+ 30. Kg1 Nd6 31. Bc5 Nc4 32.
Re7+ Kg6 33. Rxb7 Re8 34. Kf2 Rfe5 35. Bd4 Re2+ 36. Kg3 R8e7 37. Rxe7 Rxe7 38. b3 Nd6 39. Kf2 Nb5 40. a4 Nxd4 41. cxd4 Rb7 42. Rc1 Rb6 43. Rc3 a5 44. f4 Kf5 45. Kf3 Ke6 46. g4 Kd6 47. f5 Rb4 48. Rd3 c5 49. dxc5+ Kxc5 50. g5 Kd6 51. Re3 d4 52. Re6+ Kd5 53. Ra6 Rxb3+ 54. Kg4 d3 55. Rxa5+ Ke4 56. Ra8 d2 57. Re8+ Kd3 58. Rd8+ Ke2 59. Rxd2+ Kxd2 60. f6 gxf6 61. gxf6 Rb4+ 62. Kf5 Rxa4 63. f7 Ke3 64. Ke6 Ra8 65. h4 h5 66. Kf5 Rf8 67. Kg6 Kf4 68. Kxh5 Kf5 69. Kh6 Kf6 70. h5 Kxf7 0-1

[Event "*** Titled Tuesday 3|2 Blitz"]
[Site "Chess.com"]
[Date "2017.03.07"]
[Round "3"]
[White "Jospem"]
[Black "Danhy"]
[Result "0-1"]
[WhiteElo "2569"]
[BlackElo "2358"]
[TimeControl "180+2"]
[EndTime "13:42:54 PST"]
[Termination "Danhy won on time"]

1. e4 c5 2. Nf3 e6 3. d4 cxd4 4.
Nxd4 a6 5. Bd3 Qc7 6. O-O Nf6 7. Qe2 d6 8. f4 Nbd7 9. c4 g6 10. Nc3 Bg7 11. f5 Ne5 12. fxe6 fxe6 13. Nf3 O-O 14. Nxe5 dxe5 15. Be3 Bd7 16. Rac1 Nh5 17. g3 Rae8 18. c5 Bc6 19. b4 Qd7 20. Bc4 Nf6 21. Rcd1 Qe7 22. Bg5 h6 23. Bc1 Rd8 24. a3 Rd4 25.
Be3 Rxd1 26. Rxd1 Nxe4 27. Nxe4 Bxe4 28. Rd6 Rf6 29. Bf2 Bc6 30. Qxe5 Kh7 31. Qe2 e5 32. Rxf6 Qxf6 33. Bd3 Bf3 34. Qc2 Bc6 35. Be4 Qe6 36. Bxc6 Qxc6 37. Qc4 e4 38. Be3 h5 39. Kg2 h4 40.
gxh4 Qe8 41. h5 gxh5 42. Qd5 Qg6+ 43. Kf2 Qg4 44. Qg5 Qf3+ 45. Kg1 Qd1+ 46. Kf2 Qf3+ 47. Kg1 Qd1+ 48. Kf2 Qf3+ 49. Kg1 Qd1+ 50. Kf2 Qf3+ 51.
Ke1 Bc3+ 52. Bd2 Qh1+ 53. Ke2 Qxh2+ 54. Kf1 Bxd2 55. Qe7+ Kg6 56. Qxe4+ Kg5 57. Qxb7 Be3 58. Qf3 Qf4 59. Ke2 Qxf3+ 60. Kxf3 Bc1 61. c6 Bf4 62. a4 Bc7 63. b5 a5 64. Kg2 h4 65. Kh3 Kh5 66.
Kg2 Kg4 67. Kh1 h3 68. Kg1 h2+ 69. Kg2 Kf5 70. b6 Bxb6 71. Kxh2 Ke6 72. Kg2 Kd5 73. Kf3 Kc4 74. Ke4 Kb4 75. Kd5 Kxa4 76. Kc4 Bc7 77. Kc5 Kb3 78. Kb5 a4 79. Ka6 a3 0-1

[Event "*** Titled Tuesday 3|2 Blitz"]
[Site "Chess.com"]
[Date "2017.03.07"]
[Round "3"]
[White "Shivagami"]
[Black "Rbrrt"]
[Result "1/2-1/2"]
[WhiteElo "1964"]
[BlackElo "2051"]
[TimeControl "180+2"]
[EndTime "13:42:59 PST"]
[Termination "Game drawn - insufficient material"]

1. d4 d5 2. Bf4 Nf6 3. e3 c5 4. c3 Nc6 5. Nd2 e6 6. Ngf3 Bd6 7. Bg3 O-O 8. Ne5 Qe7 9. Bd3 Nd7 10.
Nxd7 Bxd7 11. Bxd6 Qxd6 12. dxc5 Qxc5 13. Bxh7+ Kxh7 14. Qh5+ Kg8 15. Ne4 g6 16. Nxc5 gxh5 17. Nxd7 Rfc8 18.
Nf6+ Kf8 19. Nxh5 Ne5 20. O-O-O b5 21. Kb1 a5 22. h3 Nc4 23. Nf4 b4 24. cxb4 axb4 25.
h4 Rab8 26. h5 b3 27. a3 Kg7 28. g4 Nb6 29. Rc1 Nc4 30. Rhd1 Ne5 31. Rg1 Nf3 32. Rh1 Nd2+ 33. Ka1 Rc2 34. Ne2 Rbc8 35. Rxc2 bxc2 36. Ka2 Ne4 37. f3 Nf2 38. Rf1 Nd3 39. Nc1 Ne5 40. g5 Nc4 41. Re1 Nd2 42. f4 Ne4 43.
Kb3 Rc4 44. Nd3 Nd2+ 45. Ka2 Nf3 46. Rc1 d4 47. exd4 Nxd4 48. Ne1 Rc6 49. b4 Rc3 50. Kb2 Rb3+ 51. Ka2 Rc3 52. h6+ Kh7 53. a4 Rc4 54.
Ka3 Rc3+ 55. Ka2 Rc4 56. Nxc2 Nxc2 57. Kb3 Rxb4+ 58. Kxc2 Rxa4 59. Rf1 Kg6 60. Kd3 Ra3+ 61. Ke4 Ra4+ 62. Ke5 Ra5+ 63. Kd6 Rf5 64. Ke7 e5 65.
Kd6 exf4 66. Ke7 f3 67. Kd6 f2 68. Ke7 Rf3 69. Kd6 Rf5 70. Ke7 Rf4 71. Kd6 Rf3 72.
Ke7 Rf5 73. Kd6 f6 74. gxf6 Kxf6 75. h7 Kg7 76. Ke6 Rf8 77. Ke5 Kxh7 78. Ke4 Kg6 79. Ke3 Kg5 80. Rxf2 Rxf2 81. Kxf2 1/2-1/2

[Event "*** Titled Tuesday 3|2 Blitz"]
[Site "Chess.com"]
[Date "2017.03.07"]
[Round "3"]
[White "Misha_Bilous"]
[Black "silverback96"]
[Result "1/2-1/2"]
[WhiteElo "2267"]
[BlackElo "2068"]
[TimeControl "180+2"]
[EndTime "13:44:11 PST"]
[Termination "Game drawn - insufficient material"]

1. d4 Nf6 2. c4 c5 3. d5 b5 4. cxb5 a6 5. bxa6 g6 6. Nc3 Bg7 7. e4 Qa5 8. Bd2 Bxa6 9. Bxa6 Nxa6 10. e5 Nh5 11. g4 Nb4 12. gxh5 Qa6 13. Nge2 Nd3+ 14.
Kf1 Bxe5 15. Qc2 Rb8 16. b3 c4 17. Rd1 Qf6 18. Be3 Qf5 19. bxc4 Qh3+ 20. Kg1 Qg4+ 21.
Ng3 Nb4 22. Qe2 Qh4 23. Nce4 f5 24. Ng5 f4 25. Nf3 Qf6 26. Nxe5 Qxe5 27. Bd4 Qxe2 28.
Nxe2 Rf8 29. hxg6 hxg6 30. f3 Nc2 31. Kf2 Nxd4 32. Rxd4 Rb2 33. Rg1 Rf6 34. a4 Ra2 35. c5 Kf7 36. Rgd1 g5 37. R1d2 Ra1 38. h4 Rh6 39. c6 Rxh4 40. Rd1 Rh2+ 41. Kf1 Rh1+ 42. Ng1 Ra3 43. cxd7 Rxf3+ 44. Ke2 Re3+ 45. Kf2 Rh2+ 46. Kf1 Rh8 47. d6 e5 48. Rc4 Rd8 49. Rc8 Rxd7 50. Rc7 Ke6 51. Rxd7 Kxd7 52. Ne2 e4 53. Nd4 Rh3 54.
a5 f3 55. a6 Rh1+ 56. Kf2 Rxd1 57. Nb3 Rxd6 58. Nc5+ Kc6 59. a7 Rd8 60. Nxe4 Kb7 61. Nxg5 Kxa7 62. Nxf3 Kb6 63. Ke3 Kc5 64. Ke4 Re8+ 65.
Kf4 Kd5 66. Kg4 Rf8 67. Ng5 Ke5 68. Nf3+ Ke4 69. Ng5+ Ke3 70. Kh5 Rf6 71. Kg4 Ra6 72. Kf5 Ra5+ 73. Kf6 Kf4 74. Ne6+ Kg4 75. Nd4 Rd5 76. Ne6 Rf5+ 77. Ke7 Rf1 78. Kd6 Kf5 79. Nd4+ Kf6 80. Kd5 Re1 81. Nc6 Rd1+ 82. Nd4 Rd2 83. Ke4 Ra2 84. Kd5 Ra5+ 85. Ke4 Re5+ 86. Kd3 Rh5 87. Ke4 Rh4+ 88. Ke3 Ke5 89. Nf3+ Kd5 90.
Nxh4 1/2-1/2

[Event "*** Titled Tuesday 3|2 Blitz"]
[Site "Chess.com"]
[Date "2017.03.07"]
[Round "3"]
[White "ChristopherYoo"]
[Black "Wolverine_master"]
[Result "1/2-1/2"]
[WhiteElo "2147"]
[BlackElo "1937"]
[TimeControl "180+2"]
[EndTime "13:46:07 PST"]
[Termination "Game drawn by agreement"]

1. e4 d5 2. exd5 Qxd5 3. Nc3 Qd6 4. d4 Nf6 5. Nf3 a6 6. Be2 Nc6 7. Be3 Bg4 8. h3 Bh5 9. d5 Nb4 10. Bc4 O-O-O 11. O-O Nbxd5 12. Nxd5 Nxd5 13. Qe2 Nxe3 14. Qxe3 Qb6 15. Qf4 e6 16. b3 Bd6 17. Qe4 Bg6 18.
Qe2 Rhe8 19. a3 Bh5 20. b4 Qc6 21. b5 Bxf3 22. bxc6 Bxe2 23. cxb7+ Kxb7 24. Bxe2 Ka7 25. a4 Rb8 26. Rab1 Rxb1 27. Rxb1 a5 28. Bb5 Rb8 29. Rb3 Bc5 30. Kf1 Rd8 31. Ke2 Rd4 32. Bc6 Bb6 33.
Bb5 Re4+ 34. Kf1 Rf4 35. f3 Rd4 36. Ke2 Rd5 37. Rc3 Re5+ 38. Kf1 Kb7 39. Bc6+ Ka7 40. Rd3 Bc5 41. Rd8 Kb6 42. Be4 f5 43. Rb8+ Ka7 44.
Ra8+ Kb6 45. Rb8+ Ka6 46. Ra8+ Ba7 47. Bd3+ Kb7 48. Rg8 g6 49. Rg7 Bc5 50. Rxh7 Bb4 51. Rg7 Re1+ 52. Kf2 Ra1 53. Rxg6 Rxa4 54. Rxe6 Bc5+ 55.
Ke2 f4 56. h4 Rb4 57. h5 Rb6 58. Be4+ Kc8 59. Rxb6 cxb6 60. h6 Bd4 61. Kd3 Bh8 62. Kc4 Kc7 63. Kb5 Bc3 64. Bg6 Bh8 65. Kc4 Bf6 66. Kb5 Bh8 67. c4 Bd4 68. Be4 Bh8 69.
c5 bxc5 70. Kxc5 Bc3 71. h7 Kd7 72. Kc4 Bh8 73. Kb5 Ke6 74. Kxa5 Kf6 75. Kb5 Kg5 76.
Kc4 Kh6 77. Kd5 Bc3 78. Ke6 Kg7 79. Kf5 Bd2 80. Kg4 Be3 81. Kh5 Bf2 82. Kg5 Bg3 83. Kg4 Kh8 84. Kg5 Kg7 85. Bg6 Kh8 86. Kf6 Bh4+ 87. Kf7 Bg3 88. Bf5 Bh4 89. Bh3 Bg3 90. Kg6 Bh2 91. Bg4 Bg3 92. Bh5 Bh2 93. Kh6 Bg3 94. Bg4 Bh2 95. Kg5 Kxh7 96. Kf6 Bg3 97.
Kg5 Kg7 98. Bh5 Kh7 99. Bg6+ Kg7 100. Bf5 Kf7 101. Kg4 Kf6 102. Bd3 Ke5 103. Be4 Kd4 104. Kh3 Ke3 105. Bd5 Kf2 106. Bc4 Kg1 107. Be2 Kf2 108. Bd1 Ke1 109. Bb3 Kf2 110. Bg8 Kg1 111. Bh7 Kf2 112. Bf5 Kg1 113. Bg6 Kf2 1/2-1/2

[Event "*** Titled Tuesday 3|2 Blitz"]
[Site "Chess.com"]
[Date "2017.03.07"]
[Round "4"]
[White "macko06"]
[Black "GulamaliRises"]
[Result "1-0"]
[WhiteElo "2335"]
[BlackElo "2499"]
[TimeControl "180+2"]
[EndTime "13:49:19 PST"]
[Termination "macko06 won by resignation"]

1. e4 e6 2. d4 d5 3. Nc3 Bb4 4. e5 c5 5. a3 Bxc3+ 6. bxc3 Ne7 7. Nf3 Qc7 8. Bd2 b6 9. Bb5+ Nd7 10. O-O c4 11. Bg5 Ng6 12. h4 h6 13.
h5 Nf8 14. Bc1 a6 15. Bxd7+ Nxd7 16. a4 O-O 17. Ba3 Re8 18. Bd6 Qc6 19. Nh4 f5 20. g4 f4 21. Ng6 1-0

[Event "*** Titled Tuesday 3|2 Blitz"]
[Site "Chess.com"]
[Date "2017.03.07"]
[Round "4"]
[White "David_Klein"]
[Black "ChadaevNikolay"]
[Result "1-0"]
[WhiteElo "2442"]
[BlackElo "2612"]
[TimeControl "180+2"]
[EndTime "13:49:42 PST"]
[Termination "David_Klein won by resignation"]

1. e4 c5 2. Nf3 e6 3. g3 Nc6 4.
Bg2 Nf6 5. Qe2 d5 6. exd5 Nxd5 7.
O-O Be7 8. Rd1 Bf6 9. Nc3 O-O 10. Ne4 b6 11. Nxf6+ Qxf6 12. c4 Nde7 13. d4 cxd4 14.
Bg5 Qg6 15. Bxe7 Nxe7 16. Ne5 d3 17. Rxd3 1-0

[Event "*** Titled Tuesday 3|2 Blitz"]
[Site "Chess.com"]
[Date "2017.03.07"]
[Round "4"]
[White "ZEN-22"]
[Black "Gabix_94"]
[Result "1-0"]
[WhiteElo "2367"]
[BlackElo "2503"]
[TimeControl "180+2"]
[EndTime "13:50:34 PST"]
[Termination "ZEN-22 won by checkmate"]

1. e4 c5 2. d4 cxd4 3. c3 g6 4.
cxd4 d5 5. exd5 Nc6 6. dxc6 Bg7 7.
Bb5 bxc6 8. Bxc6+ Bd7 9. Bxa8 Qxa8 10. Nf3 Nf6 11. O-O O-O 12. Nc3 Rd8 13. Re1 Bg4 14.
h3 Bh5 15. Bg5 Nd5 16. g4 h6 17. Bxe7 Rd7 18. Nxd5 Qxd5 19. gxh5 Qxh5 20. Bh4 g5 21.
Re8+ Bf8 22. Bg3 Qxh3 23. Ne5 Rb7 24. Qg4 Qf1+ 25. Rxf1 f5 26. Qxf5 Rb4 27. Qf7+ Kh8 28. Ng6# 1-0

[Event "*** Titled Tuesday 3|2 Blitz"]
[Site "Chess.com"]
[Date "2017.03.07"]
[Round "4"]
[White "jcgs1030"]
[Black "SwiftyMcBishop"]
[Result "0-1"]
[WhiteElo "2288"]
[BlackElo "2191"]
[TimeControl "180+2"]
[EndTime "13:51:01 PST"]
[Termination "SwiftyMcBishop won by resignation"]

1. e4 d5 2. exd5 Qxd5 3. Nc3 Qa5 4. Bc4 c6 5. Qf3 Nf6 6. h3 Bf5 7. d3 e6 8. g4 Bg6 9. h4 h5 10.
g5 Ng4 11. Bb3 Nd7 12. Bd2 O-O-O 13. Nh3 Nde5 14. Qe2 Nxd3+ 15. cxd3 Bxd3 16. Qd1 Qe5+ 17. Ne2 Bc5 18. Rc1 Bb6 19. Bc4 Qe4 20. f3 Qxf3 21. Rf1 Qxh3 22. Bxd3 Qxh4+ 0-1

[Event "*** Titled Tuesday 3|2 Blitz"]
[Site "Chess.com"]
[Date "2017.03.07"]
[Round "4"]
[White "Dlugy"]
[Black "Grebeniuk-S"]
[Result "1-0"]
[WhiteElo "2660"]
[BlackElo "2423"]
[TimeControl "180+2"]
[EndTime "13:51:03 PST"]
[Termination "Dlugy won by resignation"]

1. d4 Nf6 2. Bf4 d5 3. e3 e6 4. Nd2 Bd6 5. Bg3 O-O 6. Bd3 c5 7. c3 b6 8. Ngf3 Ba6 9. Bxa6 Nxa6 10. Qe2 Nb8 11. e4 Bxg3 12. hxg3 dxe4 13. Nxe4 Nbd7 14.
dxc5 Nxc5 15. Nxc5 bxc5 16. O-O Qb6 17. Rfd1 Rab8 18. Rd2 h6 19. Ne5 Rfd8 20. Rad1 Rd5 21. c4 Rxd2 22. Rxd2 Rd8 23. b3 Qa5 24. Rd3 h5 25.
Nc6 Rxd3 26. Nxa5 Rd6 27. f3 1-0

[Event "*** Titled Tuesday 3|2 Blitz"]
[Site "Chess.com"]
[Date "2017.03.07"]
[Round "4"]
[White "Marreuh"]
[Black "MattyDPerrine"]
[Result "0-1"]
[WhiteElo "2080"]
[BlackElo "2203"]
[TimeControl "180+2"]
[EndTime "13:51:08 PST"]
[Termination "MattyDPerrine won by checkmate"]

1. e4 c5 2. c3 g6 3. d4 cxd4 4. cxd4 d5 5. e5 Nc6 6. Nc3 Bg7 7. Bb5 e6 8. Nf3 Ne7 9. Bf4 h6 10. Qd2 g5 11. Be3 Nf5 12. O-O-O Bd7 13. Kb1 Na5 14. Bd3 Rc8 15. Bxf5 exf5 16. Qe2 f4 17.
Bc1 O-O 18. h4 b5 19. hxg5 hxg5 20. Nxb5 Bf5+ 21. Ka1 a6 22. Nd6 Nb3+ 23. axb3 Qa5# 0-1

[Event "*** Titled Tuesday 3|2 Blitz"]
[Site "Chess.com"]
[Date "2017.03.07"]
[Round "4"]
[White "AllStarShark"]
[Black "attack2mateU"]
[Result "1-0"]
[WhiteElo "2270"]
[BlackElo "2313"]
[TimeControl "180+2"]
[EndTime "13:51:08 PST"]
[Termination "AllStarShark won by resignation"]

1. d4 Nf6 2. Bg5 d5 3. Bxf6 exf6 4. e3 c6 5. g3 Bd6 6. Bg2 O-O 7. Ne2 Nd7 8. O-O Nb6 9. Nd2 a5 10. b3 a4 11. c4 Bb4 12. cxd5 Nxd5 13. bxa4 Qa5 14.
Nc4 Qa6 15. Qc2 Be6 16. Rfc1 Qxa4 17. Qxa4 Rxa4 18. Bxd5 Bxd5 19. Nb6 Rxa2 20. Nxd5 Rxa1 21. Rxa1 cxd5 22. Rb1 Be1 23. Rxe1 1-0

[Event "*** Titled Tuesday 3|2 Blitz"]
[Site "Chess.com"]
[Date "2017.03.07"]
[Round "4"]
[White "GeorgMeier"]
[Black "GrigorGrigorov"]
[Result "1-0"]
[WhiteElo "2740"]
[BlackElo "2567"]
[TimeControl "180+2"]
[EndTime "13:51:32 PST"]
[Termination "GeorgMeier won by resignation"]

1. Nf3 Nf6 2. g3 g6 3. Bg2 Bg7 4.
O-O O-O 5. d4 c5 6. dxc5 Na6 7.
Be3 Qa5 8. a3 Ng4 9. Bd4 e5 10.
b4 Qc7 11. Bb2 Rb8 12. h3 Nh6 13. Nc3 b6 14. Nd5 Qd8 15. cxb6 axb6 16. Bxe5 Bxe5 17. Nxe5 Bb7 18. Nxd7 Bxd5 19. Qxd5 Rc8 20. Nxf8 1-0

[Event "*** Titled Tuesday 3|2 Blitz"]
[Site "Chess.com"]
[Date "2017.03.07"]
[Round "4"]
[White "EmeseBalogh"]
[Black "Saitama_Hero"]
[Result "0-1"]
[WhiteElo "1988"]
[BlackElo "2224"]
[TimeControl "180+2"]
[EndTime "13:51:40 PST"]
[Termination "Saitama_Hero won by resignation"]

1. e4 d6 2. d4 Nf6 3. Bd3 c6 4.
c3 e5 5. Be3 Be7 6. Nd2 Ng4 7.
Qe2 O-O 8. Ngf3 Nd7 9. O-O Ndf6 10. Nb3 Nxe3 11. fxe3 Qc7 12. h3 Re8 13. Nh4 Bf8 14. Rxf6 gxf6 15. Nf5 Bxf5 16. exf5 e4 17. Bc2 d5 18.
Qg4+ Kh8 19. Qh4 Be7 20. Rf1 Rg8 21. Rf4 Rg7 22. Bd1 Rag8 23. g4 Bd6 24. Rf1 Qd8 25.
Nd2 Bc7 26. Rf2 Qd6 27. Nf1 Rg5 28. b3 R8g7 29. c4 b6 30. Kg2 h5 31. Ng3 Rh7 32.
Nf1 hxg4 0-1

[Event "*** Titled Tuesday 3|2 Blitz"]
[Site "Chess.com"]
[Date "2017.03.07"]
[Round "4"]
[White "mwpchess"]
[Black "oggy1984"]
[Result "0-1"]
[WhiteElo "2396"]
[BlackElo "2359"]
[TimeControl "180+2"]
[EndTime "13:51:56 PST"]
[Termination "oggy1984 won by resignation"]

1. e4 e5 2. Nf3 Nc6 3. d4 exd4 4.
Nxd4 Nf6 5. Nxc6 bxc6 6. e5 Qe7 7. Qe2 Nd5 8. c4 Ba6 9. Nd2 Nf4 10. Qe4 Ne6 11. Be2 g6 12. O-O Bg7 13. Nf3 O-O 14. b3 f5 15. exf6 Qxf6 16. Rb1 Rae8 17. Bb2 Nf4 18. Bxf6 Rxe4 19. Bxg7 Nxe2+ 20. Kh1 Kxg7 21. Rfd1 d6 22. h3 Nc3 0-1

[Event "*** Titled Tuesday 3|2 Blitz"]
[Site "Chess.com"]
[Date "2017.03.07"]
[Round "4"]
[White "Tash_Boy"]
[Black "peteseeger"]
[Result "1-0"]
[WhiteElo "2502"]
[BlackElo "2077"]
[TimeControl "180+2"]
[EndTime "13:52:04 PST"]
[Termination "Tash_Boy won by resignation"]

1. e4 c5 2. Nf3 e6 3. d4 cxd4 4.
Nxd4 Nc6 5. Nb5 d6 6. c4 Nf6 7. N1c3 a6 8. Na3 Be7 9. Be2 O-O 10. O-O b6 11. Be3 Bb7 12. f3 Ne5 13. Rc1 Rc8 14. Qd2 Qc7 15. b4 Rfd8 16. Na4 Ned7 17. Rc2 Bc6 18. b5 Bb7 19. bxa6 Bxa6 20. Rb1 Rb8 21.
c5 Bxe2 22. cxb6 Qb7 23. Qxe2 d5 24. Rc7 Qa8 25. Ra7 Qc6 26. Rc1 Qd6 27. Nb5 Qb4 28. a3 Qb3 29. Nd4 Qxa3 30. Nc6 1-0

[Event "*** Titled Tuesday 3|2 Blitz"]
[Site "Chess.com"]
[Date "2017.03.07"]
[Round "4"]
[White "Outsmiter"]
[Black "quesfr"]
[Result "1-0"]
[WhiteElo "2090"]
[BlackElo "2152"]
[TimeControl "180+2"]
[EndTime "13:52:23 PST"]
[Termination "Outsmiter won on time"]

1. e4 e6 2. d4 d5 3. exd5 exd5 4.
Nf3 Nc6 5. c4 Bb4+ 6. Nc3 Nge7 7.
Qb3 Bg4 8. Be3 Bxf3 9. gxf3 O-O 10. Bd3 dxc4 11. Qxc4 Qd5 12. Qxd5 Nxd5 13. Rc1 Rfe8 14. Kd2 Rad8 15. Be4 Nf6 16. Bxc6 bxc6 17. Kc2 Bxc3 18.
bxc3 Rd5 19. Rb1 Ra5 20. Rb2 h6 21. Ra1 Re7 22. Rb7 Kh7 23. Kd3 Nd5 24. c4 Ra3+ 25.
Rb3 1-0

[Event "*** Titled Tuesday 3|2 Blitz"]
[Site "Chess.com"]
[Date "2017.03.07"]
[Round "4"]
[White "igorkovalenko"]
[Black "SavelijTartakover"]
[Result "1-0"]
[WhiteElo "2693"]
[BlackElo "2577"]
[TimeControl "180+2"]
[EndTime "13:52:26 PST"]
[Termination "igorkovalenko won by resignation"]

1. c4 Nf6 2. Nc3 g6 3. e4 d6 4. d4 Bg7 5. Nf3 O-O 6. h3 Na6 7.
Bg5 h6 8. Be3 e5 9. d5 Nd7 10.
Qd2 Kh7 11. g4 f5 12. gxf5 gxf5 13. exf5 Ndc5 14. Rg1 Rxf5 15. Nh2 e4 16. O-O-O Nb4 17. Rxg7+ Kxg7 18. Bxh6+ Kh7 19. Be3 Nbd3+ 20. Kb1 Qh4 21. Ng4 Bd7 22. Nxe4 Nxe4 23. Qxd3 Nf6 24. Be2 Rf8 25.
a3 b5 26. Nxf6+ Rxf6 27. Bg4 Kg8 28. cxb5 Qh7 29. Ka1 Re5 30. Qxh7+ 1-0